 Dungeon Crawl Stone Soup version 0.30-a0-1018-g25214051b3 (webtiles) character file.

Game seed: 14728446340118304352

152 Arcadio the Slasher (level 5, 0/36 (42) HPs)
             Began as a Barachi Reaver on Apr 7, 2023.
             Killed by divine providence
             ... invoked by an orc priest
              (12 damage)
             ... on level 4 of the Dungeon.
             The game lasted 00:15:59 (3094 turns).

Arcadio the Slasher (Barachi Reaver)                Turns: 3094, Time: 00:16:01

HP:   0/36 (42)     AC:  6    Str: 16    XL:     5   Next: 34%
MP:   8/8           EV: 11    Int: 13    God:
Gold: 100           SH:  0    Dex: 10    Spells: 7/8 levels left

rFire   . . .      SeeInvis .    r - +2 hand axe (venom)
rCold   . . .      Faith    .    (no shield)
rNeg    + . .      Spirit   .    h - +0 ring mail
rPois   .          Reflect  .    (no helmet)
rElec   .          Rampage  .    (no cloak)
rCorr   .                        (no gloves)
Will    .....                    e - +0 pair of boots Stlth
                                 (no amulet)
HPRegen 0.26/turn                q - ring of positive energy
MPRegen 0.11/turn                (no ring)

@: heavily drained, slow
A: amphibious, slowness 1, strong legs 1, +LOS
a: Hop


You were on level 4 of the Dungeon.
You visited 1 branch of the dungeon, and saw 4 of its levels.

You collected 156 gold pieces.
You spent 56 gold pieces at shops.

Inventory:

Hand Weapons
 a - a +0 falchion
 j - a +1 war axe of freezing
 p - a +2 dagger of distortion
 r - a +2 hand axe of venom (weapon)
Armour
 b - a +0 leather armour
 e - a +0 pair of boots (worn)
 h - a +0 ring mail (worn)
Jewellery
 q - a ring of positive energy (left hand)
Scrolls
 c - a scroll of blinking {unknown}
 g - a scroll of fog {unknown}
 i - a scroll of torment {unknown}
 k - a scroll of vulnerability {unknown}
 n - a scroll of enchant weapon {unknown}
Potions
 d - 4 potions of curing {unknown}
 f - a potion of brilliance
 l - a potion of attraction {unknown}
 m - a potion of mutation {unknown}
 o - 2 potions of resistance {unknown}


   Skills:
 + Level 4.2 Fighting
 - Level 5.0 Long Blades
 + Level 0.0 Axes
 + Level 1.7 Armour
 - Level 3.3 Dodging
 - Level 2.1 Spellcasting
 - Level 3.2 Conjurations


You had 7 spell levels left.
You knew the following spells:

 Your Spells              Type           Power      Damage    Failure   Level
a - Kiss of Death         Conj/Necr      20%        2d7       24%         1

Your spell library contained the following spells:

 Spells                   Type           Power      Damage    Failure   Level
 Momentum Strike          Conj/Tloc      10%        3d8       34%         2
 Blink                    Tloc           2%         N/A       56%         2
 Lesser Beckoning         Tloc           2%         N/A       56%         2
 Hailstorm                Conj/Ice       5%         3d4       56%         3
 Vhi's Electric Charge    Tloc/Air       2%         N/A       80%         3
 Arcjolt                  Conj/Air       2%         1d12      100%        5
 Maxwell's Capacitive Co  Air            0%         ∞         100%        8


Dungeon Overview and Level Annotations

Branches:
Dungeon (4/15) Zot: 20520
 Temple: D:4-7

Altars:
Trog

Shops:
D:1 (   D:2 ?:*

Annotations:
D:2 exclusion: downstairs
D:3 Sigmund


Innate Abilities, Weirdness & Mutations

You are amphibious.
You cover ground slowly.
You can hop short distances.
You have an extended range of vision and can be seen from far away.


Message History

Okay, then.
Your +2 hand axe of venom begins to drip with poison!
r - a +2 hand axe of venom (weapon)
You now have 100 gold pieces (gained 14).
An orc comes into view. It is wielding a +0 whip.
The orc shouts!
You hear a shout!
The orc moves out of view.
An orc comes into view. It is wielding a +0 dagger.
The orc shouts!
You hear an angry hiss.
You slash the orc!
You kill the orc!
An orc priest comes into view. It is wielding a +0 trident.
The orc priest shouts!
An orc comes into view. It is wielding a +0 dagger.
You closely miss the orc.
The orc shouts!
You hear a shout!
The orc closely misses you.
You hit the orc.
The orc is almost dead.
The orc hits you but does no damage.
The orc priest hits you from afar with a +0 trident.
The orc hits you but does no damage.
The orc priest casts a cantrip, but nothing happens.
You closely miss the orc.
The orc is almost dead.
The orc hits you with a +0 dagger.
The orc priest invokes the aid of Beogh against you.
Beogh smites you!
You hit the orc but do no damage.
The orc is almost dead.
The orc priest looks braver for a moment.
The orc hits you but does no damage.
You hit the orc but do no damage.
The orc is poisoned.
The orc is almost dead.
The orc priest hits you from afar with a +0 trident.
The orc hits you with a +0 dagger.
A goblin comes into view. It is wielding a +0 dagger.
The orc priest invokes the aid of Beogh against you.
Beogh smites you!
You die...

#.# ### ..# #.. .##
#.# .# #.# .# #.#
.# #.# #### .#
#######.# #..... [#
####.......####o..#
.###............@o#
........#########.#
.###.######### .#
.............# .#
#####..#####. .#
#####..# .#
.......# .#
#####..# g. #..# .#


You could see an orc priest, an orc (very poisoned) and a goblin (wandering).

Vanquished Creatures
  An orc wizard (D:4)
  5 adders
  A gnoll (D:1)
  A dart slug (D:1)
  3 worms
  5 orcs
  6 endoplasms
  2 giant cockroaches
  6 goblins
  3 hobgoblins
  3 quokkas
  4 ball pythons
  4 bats
  4 frilled lizards
  7 kobolds
  5 rats
60 creatures vanquished.

Vanquished Creatures (others)
  4 plants (D:1)
4 creatures vanquished.

Grand Total: 64 creatures vanquished

Notes
Turn   | Place    | Note
-------+----------+-------------------------------------------
     0 | D:1      | Arcadio the Barachi Reaver began the quest for the Orb.
     0 | D:1      | Reached XP level 1. HP: 17/17 MP: 3/3
    82 | D:1      | Reached XP level 2. HP: 6/21 MP: 0/5
   163 | D:1      | Reached skill level 4 in Long Blades
   331 | D:1      | Reached XP level 3. HP: 24/27 MP: 6/6
   376 | D:1      | Found Beostreng's Antique Weapon Emporium.
   610 | D:1      | You fall into a shaft and drop 1 floor!
   610 | D:2      | Found a bloodstained altar of Trog.
   756 | D:2      | Found Igunut's General Store.
   772 | D:2      | Bought a scroll of identify for 26 gold pieces
  1134 | D:2      | Reached XP level 4. HP: 31/35 MP: 7/7
  1256 | D:2      | Found Jejyleli's Book Shop.
  1328 | D:2      | Found Ubadesun's Magic Scroll Shoppe.
  1336 | D:2      | Bought a scroll of teleportation for 30 gold pieces
  1507 | D:3      | Noticed Sigmund
  2588 | D:4      | Reached skill level 1 in Armour
  2601 | D:4      | Reached XP level 5. HP: 31/42 MP: 8/8
  2992 | D:3      | Reached skill level 5 in Long Blades
  3094 | D:4      | Killed from afar by an orc priest

Illustrated notes

Levels and vault maps discovered:
D:1:      eino_arrival_water_cross, layout_basic, serial_shops,
          nicolae_lakefront_shop, serial_bayou_lagoon_a
D:2:      layout_loops_ring, basic_altar, serial_shops, shop, shop,
          nicolae_shop_hallway_stairs
D:3:      layout_basic, uniq_sigmund
D:4:      layout_loops_ring, kennysheep_okawaru_gauntlet,
          nzn_wu_jian_contemplation, amcnicky_altar_gilded,
          portal_sewer_entry_a, uniq_duvessa

Skill      XL: |  1  2  3  4  5 |
---------------+----------------+-----
Long Blades    | 4 5 |  5.0
Fighting       | 3 4 |  4.2
Dodging        | 3 |  3.3
Armour         | 1 |  1.7
Spellcasting   | |  2.1
Conjurations   | |  3.2

Action                     |  1- 3 |  4- 6 || total
---------------------------+-------+-------++-------
  Melee: Falchion          |   119 |   117 ||   236
         Punch             |     1 |       ||     1
         Hand axe          |       |     6 ||     6
   Cast: Kiss of Death     |     2 |     1 ||     3
Ability: Hop               |       |     1 ||     1
    Use: Scroll            |     1 |     1 ||     2
 Armour: Leather armour    |    30 |     9 ||    39
         Ring mail         |       |    26 ||    26
  Dodge: Dodged            |    81 |    48 ||   129

Table legend: (Time is in decaauts)
 A = Elapsed time spent in this place.
 B = Non-inter-level travel time spent in this place.
 C = Inter-level travel time spent in this place.
 D = Time resting spent in this place.
 E = Time spent auto-exploring this place.
 F = Levels seen in this place.
 G = Mean time per level.
                   A        B        C        D        E       F      G
               +--------+--------+--------+--------+--------+-----+--------+
         Total |   3478 |   3356 |    122 |    559 |   1678 |   4 |  869.5 |
       Dungeon |   3478 |   3356 |    122 |    559 |   1678 |   4 |  869.5 |
               +--------+--------+--------+--------+--------+-----+--------+

Top non-repeatable levels by time:
     D:2: 1453 daAuts
     D:3: 841 daAuts
     D:1: 692 daAuts
     D:4: 490 daAuts
